[Event "Charlotte Fall IM-C 2023"]
[Site "Charlotte"]
[Date "2023.11.21"]
[Round "9.4"]
[White "Martin Del Campo Cardenas, Roberto Abel"]
[Black "Wang, Isaac"]
[Result "0-1"]
[ECO "B82"]
[WhiteElo "2212"]
[BlackElo "2377"]
[Annotator "RC"]
[PlyCount "82"]
[EventDate "2023.11.17"]
[EventType "tourn"]
[EventCountry "USA"]
[SourceTitle "playchess.com"]
[Source "ChessBase"]
[SourceQuality "1"]
[TimeControl "5400+30"]

1. e4 c5 2. Nf3 e6 3. Nc3 a6 4. d4 cxd4 5. Nxd4 Qc7 6. Bd3 Nf6 7. Qe2 d6 8. f4 Be7 9. Bd2 b5 10. a3 Bb7 11. O-O h5 12. Rae1 Qc5 13. Kh1 Nbd7 14. Nb3 Qc7 15. e5 dxe5 16. fxe5 Ng4 17. Bf4 g5 18. Bg3 h4 19. Qxg4 hxg3 20. Qxg3 f5 21. Nd4 Qb6 22. Nxe6 Qxe6 23. Bxf5 Qh6 24. h3 O-O-O 25. Rd1 Qh4 26. Qd3 Kb8 27. Bxd7 g4 28. Kh2 Rxd7 29. Qxd7 g3+ 30. Kg1 Bc5+ 31. Rf2 gxf2+ 32. Kf1 Qg3 33. Nd5 Qxe5 34. b4 Re8 35. Qc7+ Qxc7 36. Nxc7 Re1+ 37. Rxe1 Bxg2+ 38. Ke2 fxe1=Q+ 39. Kxe1 Kxc7 40. bxc5 Bxh3 41. a4 Kc6 0-1

[Event "Charlotte Fall IM-C 2023"]
[Site "Charlotte"]
[Date "2023.11.21"]
[Round "9.5"]
[White "Lima, Darcy"]
[Black "Guo, Ethan"]
[Result "1-0"]
[ECO "A11"]
[WhiteElo "2405"]
[BlackElo "2026"]
[Annotator "RC"]
[PlyCount "95"]
[EventDate "2023.11.17"]
[EventType "tourn"]
[EventCountry "USA"]
[SourceTitle "playchess.com"]
[Source "ChessBase"]
[SourceQuality "1"]
[TimeControl "5400+30"]

1. c4 c6 2. g3 d5 3. Nf3 Nf6 4. Bg2 g6 5. b3 Bg7 6. d4 O-O 7. Bb2 a5 8. Nc3 Ne4 9. O-O Nxc3 10. Bxc3 a4 11. Qd2 axb3 12. axb3 Rxa1 13. Rxa1 Qb6 14. Qa2 dxc4 15. bxc4 c5 16. dxc5 Qxc5 17. Bxg7 Kxg7 18. Qb2+ Kg8 19. Qb5 Na6 20. e3 Rd8 21. h4 h5 22. Nd4 Qc7 23. Nb3 Nb8 24. Qc5 Na6 25. Qxc7 Nxc7 26. Na5 Ne6 27. Nxb7 Rd7 28. Ra8 Rc7 29. c5 Kg7 30. c6 Nf8 31. Nc5 Nh7 32. Na4 Nf6 33. Nc3 Bh3 34. Bxh3 Rxc6 35. Rc8 Ra6 36. Rc7 e6 37. e4 Ne8 38. Rd7 Nf6 39. Rc7 Ne8 40. Rc5 Nf6 41. e5 Nd7 42. Rb5 Rc6 43. Ne4 Rc1+ 44. Bf1 Re1 45. f3 Rd1 46. Kf2 Rd5 47. f4 Rd4 48. Nd6 1-0